 Dungeon Crawl Stone Soup version 0.23.2-1-ga50397a (webtiles) character file.

Game seed: 5836506060798892816

267 Tallim the Cleaver (level 6, -6/51 HPs)
             Began as a Minotaur Berserker on June 2, 2019.
             Was a Believer of Trog.
             Killed from afar by an orc wizard (13 damage)
             ... with a puff of flame
             ... on level 3 of the Dungeon.
             The game lasted 00:05:13 (2491 turns).

Tallim the Cleaver (Minotaur Berserker)             Turns: 2491, Time: 00:05:14

Health: -6/51      AC: 11    Str: 24    XL:     6   Next: 0%
Magic:  5/5        EV:  7    Int:  4    God:    Trog [**....]
Gold:   118        SH:  0    Dex:  9    Spells: 5/5 levels left

rFire    x . .     SeeInvis .   a - +0 hand axe
rCold    + . .     Gourm    .   (no shield)
rNeg     . . .     Faith    .   n - +0 plate armour
rPois    .         Spirit   .   (helmet restricted)
rElec    .         Reflect  .   (no cloak)
rCorr    .         Harm     .   (no gloves)
MR       .....                  (no boots)
Stlth    ..........             (no amulet)
HPRegen  0.17/turn              i - ring of ice
MPRegen  0.09/turn              (no ring)

@: confused, berserk cooldown, slowed, very slow
A: retaliatory headbutt, horns 2
a: Berserk, Trog's Hand, Renounce Religion


You were on level 3 of the Dungeon.
You worshipped Trog.
Trog was pleased with you.
You were near starving.

You visited 1 branch of the dungeon, and saw 3 of its levels.

You collected 118 gold pieces.

Inventory:

Hand Weapons
 a - a +0 hand axe (weapon)
Armour
 b - a +0 animal skin
 m - a +0 leather armour
 n - a +0 plate armour (worn)
 o - a +0 scale mail
Jewellery
 i - a ring of ice (left hand)
 r - an uncursed amulet of faith {unknown}
Wands
 k - a wand of scattershot (4)
Scrolls
 g - a scroll of enchant weapon {unknown}
 h - 4 scrolls of identify {unknown}
 j - 3 scrolls of amnesia {unknown}
 l - a scroll of enchant armour {unknown}
 p - a scroll of remove curse {unknown}
 q - a scroll of immolation {unknown}
 t - a scroll of fear {unknown}
Potions
 d - 2 potions of brilliance {unknown}
 e - a potion of berserk rage {unknown}
 f - 2 potions of mutation {unknown}
Comestibles
 c - 5 rations


   Skills:
 - Level 3.6 Fighting
 + Level 8.1 Axes
 - Level 2.4 Armour
 - Level 2.1 Dodging


You had 5 spell levels left.
You didn't know any spells.
Your spell library was empty.

Dungeon Overview and Level Annotations

Branches:
Dungeon (3/15)

Altars:
Qazlal


Innate Abilities, Weirdness & Mutations

You reflexively headbutt those who attack you in melee.
You have a pair of horns on your head.


Message History

The magic dart hits you.
* * * LOW HITPOINT WARNING * * *
Your plate armour prevents you from hitting something.
Your headbutt misses something. You barely miss something.
Your headbutt misses something.
You are no longer berserk.
You are exhausted.
You feel yourself slow down. Something hits you but does no damage.
You miss something.
You hear some strange, mumbled words.
A puff of flame appears from out of thin air!
The puff of flame hits you. The fire burns you terribly!
* * * LOW HITPOINT WARNING * * *
You miss something. You headbutt something.
You hear some strange, mumbled words.
You are confused.
You hear some strange, mumbled words.
A puff of flame appears from out of thin air!
The puff of flame hits you! The fire burns you terribly!
You die...

##.#
#.#)######################
##.#
#.#....................>.#
##.#
#.#####################.##
.#.# #.# ..# #.# .#.# #.#
#.# #.# ...###.#
######+##+#.# #.# .......#
............##### #.#
..###### ....%..{........#
#.# ..'....#
......†@...####.# #.#
..####.# ...........# #.#
#.# ### #...........#
#.###.## #...........#
#......# #......:....#
######## #...........#
#...........#
....."......#


There were no monsters in sight!

Vanquished Creatures
  An orc warrior (D:2)
  An ogre (D:3)
  An adder (D:2)
  2 worms
  A dart slug (D:1)
  2 leopard geckos
  7 orcs
  5 bats
  2 giant cockroaches
  5 goblins
  5 hobgoblins
  4 jackals
  2 quokkas
  10 kobolds
  8 rats (D:1)
56 creatures vanquished.

Notes
Turn   | Place    | Note
-------+----------+-------------------------------------------
     0 | D:1      | Tallim the Minotaur Berserker began the quest for the Orb.
     0 | D:1      | Reached XP level 1. HP: 19/19 MP: 0/0
   291 | D:1      | Reached skill level 4 in Axes
   469 | D:1      | Reached XP level 2. HP: 22/26 MP: 1/1
   666 | D:1      | Reached ** piety under Trog
   707 | D:1      | Reached skill level 5 in Axes
   739 | D:1      | Reached XP level 3. HP: 29/31 MP: 2/2
  1211 | D:2      | Noticed an orc warrior
  1228 | D:2      | Killed an orc warrior
  1228 | D:2      | Reached skill level 7 in Axes
  1228 | D:2      | Reached XP level 4. HP: 11/39 MP: 3/3
  1228 | D:2      | Reached XP level 5. HP: 13/45 MP: 4/4
  1570 | D:2      | Found a stormy altar of Qazlal.
  2473 | D:3      | Noticed an ogre
  2482 | D:3      | Killed an ogre
  2482 | D:3      | Reached skill level 8 in Axes
  2484 | D:3      | Reached XP level 6. HP: 17/51 MP: 5/5
  2491 | D:3      | Killed from afar by an orc wizard

Skill      XL: |  1  2  3  4  5 |
---------------+----------------+-----
Axes           | 4 5 7 8 |  8.1
Fighting       | |  3.6
Armour         | |  2.4
Dodging        | |  2.1

Action                   |  1- 3 |  4- 6 || total
-------------------------+-------+-------++-------
Melee: Hand axe          |    72 |    53 ||   125
       Headbutt          |    10 |    10 ||    20
Invok: Berserk           |     1 |     1 ||     2
       Trog's Hand       |     1 |       ||     1
  Eat: Chunk             |       |     2 ||     2
       Ration            |       |     1 ||     1
Armor: Animal skin       |     8 |     1 ||     9
       Plate armour      |       |    26 ||    26
Dodge: Dodged            |    45 |    17 ||    62
